 Dungeon Crawl Stone Soup version 0.29-a0-519-g90894fa (webtiles) character file.

Game seed: 10250381537959163067

77 Toastz the Slasher (level 4, 0/36 HPs)
             Began as a Barachi Warper on May 30, 2022.
             Killed from afar by Natasha (5 damage)
             ... with a magic dart
             ... on level 2 of the Dungeon.
             The game lasted 00:02:31 (1623 turns).

Toastz the Slasher (Barachi Warper)                 Turns: 1623, Time: 00:02:32

Health: 0/36       AC:  5    Str: 12    XL:     4   Next: 34%
Magic:  16/16      EV: 12    Int: 13    God:
Gold:   104        SH:  0    Dex: 14    Spells: 7/7 levels left

rFire   . . .      SeeInvis .   a - +0 falchion
rCold   . . .      Faith    .   (no shield)
rNeg    . . .      Spirit   .   b - +0 leather armour
rPois   .          Reflect  .   e - +0 helmet
rElec   .          Harm     .   (no cloak)
rCorr   .          Rampage  .   f - +0 pair of gloves
Will    .....                   (no boots)
Stlth   +.........              (no amulet)
HPRegen 0.12/turn               g - ring of magical power
MPRegen 0.15/turn               (no ring)

@: slow
A: amphibious, slowness 1, strong legs 1, +LOS
a: Hop


You were on level 2 of the Dungeon.
You visited 1 branch of the dungeon, and saw 2 of its levels.

You collected 104 gold pieces.

Inventory:

Hand Weapons
 a - a +0 falchion (weapon)
Missiles
 d - 7 boomerangs of dispersal
 l - 3 poisoned darts
 n - 12 stones (quivered)
Armour
 b - a +0 leather armour (worn)
 e - a +0 helmet (worn)
 f - a +0 pair of gloves (worn)
Jewellery
 g - a ring of magical power (left hand)
Scrolls
 c - a scroll of blinking
 i - a scroll of vulnerability {unknown}
 m - a scroll of magic mapping {unknown}
 o - a scroll of identify {unknown}
 p - a scroll of fear {unknown}
 q - a scroll of poison {unknown}
Potions
 h - a potion of curing {unknown}
 j - a potion of cancellation {unknown}
 k - a potion of lignification {unknown}


   Skills:
 + Level 3.6 Fighting
 * Level 4.6 Long Blades
 - Level 1.0 Throwing
 - Level 1.2 Armour
 - Level 2.1 Dodging
 - Level 2.1 Spellcasting
 - Level 3.2 Translocations


You had 7 spell levels left.
You didn't know any spells.
Your spell library contained the following spells:

 Spells                   Type           Power      Damage    Failure   Level
 Blink                    Tloc           18%        N/A       12%         2
 Gell's Gravitas          Tloc           9%         N/A       24%         3
 Lesser Beckoning         Tloc           9%         N/A       24%         3
 Teleport Other           Tloc           9%         N/A       24%         3
 Static Discharge         Conj/Air       1%         N/A       43%         2
 Manifold Assault         Tloc           9%         N/A       92%         5
 Lightning Bolt           Conj/Air       0%         1d11      100%        5
 Maxwell's Capacitive Co  Air            0%         ∞         100%        8


Dungeon Overview and Level Annotations

Branches:
Dungeon (2/15)

Altars:

Annotations:
D:2 Natasha


Innate Abilities, Weirdness & Mutations

You are amphibious.
You cover ground slowly.
You can hop short distances.
You have an extended range of vision and can be seen from far away.


Message History

Natasha mumbles some strange words.
You slash the goblin!
You kill the goblin!
Natasha hisses.
Natasha casts a spell at you. The magic dart hits you! Natasha claws you.
The crimson imp blinks!
You barely miss Natasha. Natasha barely misses you.
The crimson imp blinks!
You hit Natasha.
Natasha is lightly wounded.
Natasha claws you.
You hit Natasha but do no damage.
Natasha is lightly wounded.
Natasha misses you.
You closely miss Natasha.
Natasha is lightly wounded.
Natasha claws you but does no damage. Natasha claws you.
You are too injured to fight recklessly!
You closely miss Natasha.
Natasha is lightly wounded.
The crimson imp closely misses you. Natasha claws you.
You barely miss Natasha.
Natasha is lightly wounded.
The crimson imp blinks!
Natasha misses you.
The crimson imp blinks!
You hit Natasha.
Natasha is moderately wounded.
Natasha barely misses you.
A kobold comes into view. It is wielding a +0 dagger.
You barely miss Natasha.
Natasha is moderately wounded.
Natasha claws you.
* * * LOW HITPOINT WARNING * * *
The crimson imp hits you.
* * * LOW HITPOINT WARNING * * *
The kobold shouts!
You hit Natasha.
Natasha is heavily wounded.
Natasha stares at you and mumbles some strange words.
The magic dart hits you.
You die...

.....#.?....##..#.# # ######.#
#............#.# ### ###.><...#
....K....#.##.# #.. ........#
#...........#.### #.# ........#
.......# #.....###.# ........#
#(.....# #..##.....# ........#
#)...#.###.######..# ...########
##.5....##..# #...
..........###...@#..#..#######.##
....#####........h.............#
....########.##..##.#...#####....
.......###...##..##.#.#.# ##.##
...<##...#.####.###...#..# ..#
....####.......÷......##.# .##
...........#.....####.# >.
....##....###.#.......# #.#
....#..##.....#.###..## ..


You could see Natasha, a crimson imp (summoned) and a kobold.

Vanquished Creatures
  Natasha (D:2)
  A worm (D:2)
  2 dart slugs (D:1)
  5 ball pythons
  3 bats (D:1)
  8 endoplasms
  A giant cockroach (D:1)
  3 goblins
  3 hobgoblins (D:1)
  4 jackals (D:2)
  2 frilled lizards (D:1)
  5 kobolds
  2 rats (D:1)
40 creatures vanquished.

Notes
Turn   | Place    | Note
-------+----------+-------------------------------------------
     0 | D:1      | Toastz the Barachi Warper began the quest for the Orb.
     0 | D:1      | Reached XP level 1. HP: 17/17 MP: 3/3
    63 | D:1      | Reached skill level 3 in Long Blades
    70 | D:1      | Reached XP level 2. HP: 18/23 MP: 5/5
   538 | D:1      | Reached XP level 3. HP: 22/29 MP: 6/6
   769 | D:1      | Found a faded altar of an unknown god.
  1286 | D:2      | Reached skill level 4 in Long Blades
  1385 | D:2      | Noticed Natasha
  1394 | D:2      | Killed Natasha
  1395 | D:2      | Reached XP level 4. HP: 35/35 MP: 7/7
  1610 | D:2      | Noticed Natasha
  1623 | D:2      | Killed from afar by Natasha

Illustrated notes

Levels and vault maps discovered:
D:1:      dpeg_arrival_arbitrary_b, layout_basic, basic_ecumenical_altar,
          grunt_decor_junction
D:2:      layout_rooms, uniq_natasha

Skill      XL: |  1  2  3 |
---------------+----------+-----
Long Blades    | 3 4 |  4.6
Fighting       | 3 |  3.6
Throwing       | |  1.0
Armour         | |  1.2
Dodging        | |  2.1
Spellcasting   | |  2.1
Translocations | |  3.2

Action                   |  1- 3 |  4- 6 || total
-------------------------+-------+-------++-------
Melee: Falchion          |    94 |    38 ||   132
Throw: Stone             |     5 |     8 ||    13
 Stab: Sleeping          |     1 |       ||     1
Armor: Leather armour    |    30 |     9 ||    39
Dodge: Dodged            |    55 |    19 ||    74

Table legend: (Time is in decaauts)
 A = Elapsed time spent in this place.
 B = Non-inter-level travel time spent in this place.
 C = Inter-level travel time spent in this place.
 D = Time resting spent in this place.
 E = Time spent auto-exploring this place.
 F = Levels seen in this place.
 G = Mean time per level.
                   A        B        C        D        E       F      G
               +--------+--------+--------+--------+--------+-----+--------+
         Total |   1793 |   1688 |    105 |    139 |   1249 |   2 |  896.5 |
       Dungeon |   1793 |   1688 |    105 |    139 |   1249 |   2 |  896.5 |
               +--------+--------+--------+--------+--------+-----+--------+

Top non-repeatable levels by time:
     D:1: 1382 daAuts
     D:2: 410 daAuts
